 Dungeon Crawl Stone Soup version 0.31-a0-230-g09eb5fc4d3 (webtiles) character file.

Game seed: 16779090500719841296

113 qw the Shooter (level 4, -1/26 HPs)
             Began as a Gargoyle Hexslinger on July 6, 2023.
             Slain by an orc wizard
             ... wielding a +0 dagger
              (4 damage)
             ... on level 3 of the Dungeon.
             The game lasted 00:00:40 (1574 turns).

qw the Shooter (Gargoyle Hexslinger)                Turns: 1574, Time: 00:00:40

Health: -1/26      AC:  8    Str: 12    XL:     4   Next: 96%
Magic:  5/5        EV: 11    Int: 13    God:
Gold:   62         SH:  0    Dex: 14    Spells: 4/5 levels left

rFire   . . .        Y - +1 sling
rCold   . . .        (no shield)
rNeg    + . .        h - +0 leather armour
rPois   inf          c - +0 helmet
rElec   +            (no cloak)
rCorr   .            f - +0 pair of gloves
SInv    .            (no boots)
Will    .....        (no amulet)
Stlth   +            (no ring)
HPRegen 0.24/turn    (no ring)
MPRegen 0.09/turn

%: no passive effects
@: confused
A: sickness immunity, AC +3, negative energy resistance 1, electricity
resistance, torment resistance 1, petrification resistance
a: no special abilities


You were on level 3 of the Dungeon.
You visited 1 branch of the dungeon, and saw 3 of its levels.

You collected 62 gold pieces.


Innate Abilities, Weirdness & Mutations

You are immune to sickness and miasma.
Your stone body is resilient. (AC +3)
You are immune to poison.
You resist negative energy. (rN+)
You are resistant to electric shocks. (rElec)
You are resistant to unholy torment.
You are immune to petrification.


   Skills:
 - Level 2.0 Fighting
 + Level 4.6 Ranged Weapons
 - Level 1.5 Dodging
 - Level 1.0 Spellcasting
 - Level 2.6 Hexes


You had 4 spell levels left.
You knew the following spells:

 Your Spells              Type           Power      Damage    Failure   Level
a - Slow                  Hex            28%        N/A       12%         1

Your spell library contained the following spells:

 Spells                   Type           Power      Damage    Failure   Level
 Inner Flame              Hex/Fire       4%         N/A       52%         3
 Portal Projectile        Hex/Tloc       8%         N/A       52%         3
 Cause Fear               Hex            3%         N/A       75%         4

Inventory:

Hand Weapons
 Y - a +1 sling (weapon)
Armour
 b - a +0 ring mail
 c - a +0 helmet (worn)
 f - a +0 pair of gloves (worn)
 h - a +0 leather armour (worn)
Scrolls
 a - 2 scrolls of teleportation
Potions
 e - a potion of mutation {unknown}
 g - a potion of haste
 i - a potion of curing {unknown}

Dungeon Overview and Level Annotations

Branches:
Dungeon (3/15)

Altars:


Message History

The orc barely misses you.
You hear some strange, mumbled words.
You are confused.
The endoplasm closely misses you.
The hobgoblin hits you but does no damage.
The orc barely misses you. The endoplasm barely misses you.
The hobgoblin barely misses you. Something hits you.
The orc hits you with a +0 whip.
You hear some strange, mumbled words.
Something tries to affect you, but you resist.
The endoplasm hits you but does no damage.
The hobgoblin hits you but does no damage.
The orc closely misses you. Something hits you but does no damage.
The endoplasm closely misses you. The hobgoblin closely misses you.
The orc hits you but does no damage. The endoplasm misses you.
The hobgoblin misses you. Something hits you but does no damage.
You feel less confused. The orc barely misses you.
Something hits you but does no damage. The endoplasm closely misses you.
The hobgoblin closely misses you.
You shoot a sling bullet.
The sling bullet closely misses the orc.
The endoplasm freezes you.
You are frozen.
The hobgoblin barely misses you. The orc hits you but does no damage.
Something hits you but does no damage.
You hear some strange, mumbled words.
You are confused.
The endoplasm freezes you.
You are frozen.
The hobgoblin barely misses you. The orc hits you with a +0 whip.
The endoplasm freezes you.
You are frozen.
The hobgoblin misses you. Something hits you.
The orc hits you but does no damage. Something hits you.
The endoplasm hits you but does no damage.
The hobgoblin completely misses you. The orc hits you with a +0 whip.
The endoplasm hits you but does no damage.
Something hits you but does no damage. The hobgoblin barely misses you.
The orc barely misses you. The endoplasm barely misses you. Something hits you.
You die...

...##....#... .
#.........#....
..................
..................
...................
.....#.............
......{$.......#...
.#...g@...........
......Jo)(.......##...#
#...)##...............#
#... ###.%.##.#.......
#.. #.#)##.#....... ##
...#....+.......
..#..###..#......# ##
#..#...........#
#.##.#..........


You could see an orc, an endoplasm and a hobgoblin.

Vanquished Creatures
  An orc wizard (D:3)
  A scorpion zombie (D:3)
  2 adders
  An adder zombie (D:3)
  A dart slug (D:1)
  3 orcs (D:3)
  3 endoplasms
  2 giant cockroaches
  4 goblins
  3 hobgoblins
  A quokka (D:2)
  4 ball pythons
  4 bats
  4 frilled lizards
  A kobold (D:1)
  4 rats
39 creatures vanquished.

Notes
Turn   | Place    | Note
-------+----------+-------------------------------------------
     0 | D:1      | qw the Gargoyle Hexslinger began the quest for the Orb.
     0 | D:1      | Reached XP level 1. HP: 12/12 MP: 2/2
     0 | D:1      | 0 ||| qw: Version: 0.3-a-46-gb1f654a
     0 | D:1      | 0 ||| qw: Game counter: 1754
     0 | D:1      | 0 ||| qw: Melee chars always use a shield: true
     0 | D:1      | 0 ||| qw: God list: Okawaru
     0 | D:1      | 0 ||| qw: Allow faded altars: false
     0 | D:1      | 0 ||| qw: Do Orc after clearing Dungeon:15 true
     0 | D:1      | 0 ||| qw: Do second Lair branch before Depths: true
     0 | D:1      | 0 ||| qw: Lair rune preference: random
     0 | D:1      | 0 ||| qw: Goals: Normal
     0 | D:1      | 0 ||| PLANNING D:1-11
   277 | D:1      | Reached XP level 2. HP: 16/16 MP: 3/3
   335 | D:1      | Found a faded altar of an unknown god.
   547 | D:1      | Reached skill level 3 in Ranged Weapons
   684 | D:1      | 684 ||| UPGRADING to +0 pair of gloves.
   689 | D:1      | 689 ||| UPGRADING to +0 leather armour.
   699 | D:1      | 699 ||| DROPPING +0 robe.
   700 | D:1      | 700 ||| READING scroll labelled SIZOIWKEHI.
   701 | D:1      | 701 ||| DRINKING 2 dark potions.
   708 | D:1      | 708 ||| DRINKING 2 fuming emerald potions.
   709 | D:1      | 709 ||| DROPPING scroll of poison.
   710 | D:1      | 710 ||| DROPPING potion of ambrosia.
   805 | D:2      | Reached XP level 3. HP: 21/21 MP: 4/4
  1348 | D:2      | 1348 ||| UPGRADING to +0 helmet.
  1353 | D:2      | 1353 ||| READING 2 scrolls labelled KOL DOOGEOJE.
  1357 | D:2      | 1357 ||| READING scroll labelled OREOKHL JIFIET.
  1472 | D:3      | Reached skill level 4 in Ranged Weapons
  1472 | D:3      | Reached XP level 4. HP: 16/26 MP: 5/5
  1571 | D:3      | HP: 6/26 [something (2)]
  1572 | D:3      | HP: 2/26 [orc/+0 whip (3)]
  1574 | D:3      | Slain by an orc wizard

Levels and vault maps discovered:
D:1:      dpeg_cavernosity, layout_basic, shapermc_ecumenical_altar_rom_forum
D:2:      layout_loops_ring, minivault_19
D:3:      minmay_evil_eye, layout_basic, mainiacjoe_overflow_24_doors,
          lemuel_coloured_pillars_altar, serial_undead, serial_undead_a,
          serial_undead_b, serial_undead_a, serial_undead_a,
          uniq_crazy_yiuf_cottage, uniq_sigmund

Skill      XL: |  1  2  3 |
---------------+----------+-----
Ranged Weapons | 3 4 |  4.6
Fighting       | 2 |  2.0
Dodging        | |  1.5
Spellcasting   | |  1.0
Hexes          | |  2.6

Action                     |  1- 3 |  4- 6 || total
---------------------------+-------+-------++-------
   Fire: Sling             |   121 |    40 ||   161
    Use: Potion            |     2 |       ||     2
         Scroll            |     3 |       ||     3
 Armour: Robe              |     6 |       ||     6
         Leather armour    |    18 |    30 ||    48
  Dodge: Dodged            |    49 |    39 ||    88

Table legend:
 A = Non-vault XP
 B = Vault XP
 C = Vault XP percentage of total XP
 D = Non-vault monster count
 E = Vault monster count
 F = Vault count percentage of total count
                 A         B        C        D         E       F
            +---------+---------+-------+---------+---------+-------
      Total |     101 |      61 |  37.7 |      31 |       8 |  20.5
            +---------+---------+-------+---------+---------+-------
        D:1 |      20 |       7 |  25.9 |      12 |       4 |  25.0
        D:2 |      32 |       0 |   0.0 |      12 |       0 |   0.0
        D:3 |      49 |      54 |  52.4 |       7 |       4 |  36.4
            +---------+---------+-------+---------+---------+-------
